Map: Prion Terraces

Players

고라파동

  • Race: Terran Terran
  • League: Diamond

ILLBdA - Winner!

  • Race: Protoss Protoss
  • League: Diamond

VOD

Have the link to the VOD?

Description

Time

  • Played on: Dec. 29, 2015, 10:29 a.m.
  • Length: 5:34
Show
View Real Time Build Order
Export as new Build Order

고라파동 Terran 

Build Orders:  

Get SALT Encoding   

  12  0:00  SCV  
  13  0:12  SCV  
  14  0:19  Supply Depot  
  14  0:25  SCV  
  15  0:41  SCV  
  16  0:43  Barracks  
  16  0:46  Refinery  
  16  0:53  SCV  
  17  1:05  SCV  
  18  1:13  Barracks  
  18  1:17  SCV  
  19  1:21  Supply Depot  
  19  1:32  Orbital Command  
  19  1:37  Marine  
  20  2:02  Command Center  
  20  2:05  SCV  
  21  2:11  Marine  
  21  2:13  Marine  
  23  2:17  SCV  
  24  2:29  Marine  
  25  2:30  Bunker  
  25  2:31  Supply Depot, Marine  
  25  2:35  SCV  
  27  2:44  Engineering Bay  
  27  2:47  SCV, Marine  
  27  2:49  Marine  
  30  3:00  SCV  
  30  3:05  Marine  
  32  3:07  Marine  
  33  3:12  Missile Turret  
  33  3:21  SCV x2  
  33  3:22  Marine  
  33  3:24  Marine  
  37  3:33  Bunker  
  37  3:36  Refinery, Bunker  
  37  3:40  Marine  
  38  3:41  Orbital Command  
  38  3:42  Marine  
  39  3:52  SCV  
  40  3:58  Marine  
  40  4:02  Supply Depot  
  41  4:04  SCV, Marine  
  41  4:05  Factory  
  42  4:13  Bunker  
  42  4:14  SCV  
  42  4:16  SCV, Marine  
  45  4:24  Marine  
  45  4:29  SCV  
  47  4:34  Marine  
  48  4:38  SCV, Barracks  
  48  4:41  SCV  
  48  4:42  Marine  
  50  4:52  Marine  
  43  5:03  Marine  
  38  5:09  Marine  
Show
View Real Time Build Order
Export as new Build Order

ILLBdA Protoss - Winner!

Build Orders:  

Get SALT Encoding   

  12  0:01  Probe (Chrono Boost)  
  13  0:11  Probe (Chrono Boost)  
  14  0:19  Pylon  
  14  0:22  Probe (Chrono Boost)  
  15  0:37  Probe (Chrono Boost)  
  15  0:38  Gateway  
  16  0:48  Probe (Chrono Boost)  
  16  0:49  Assimilator  
  17  0:54  Assimilator  
  17  0:58  Probe (Chrono Boost)  
  18  1:07  Pylon  
  18  1:09  Probe (Chrono Boost)  
  19  1:19  Probe (Chrono Boost)  
  20  1:28  Cybernetics Core  
  20  1:30  Probe (Chrono Boost)  
  21  1:40  Probe (Chrono Boost)  
  21  1:45  Pylon  
  22  1:52  Probe (Chrono Boost)  
  23  2:04  Adept (Chrono Boost)  
  23  2:05  Warp Gate  
  23  2:07  Mothership Core  
  27  2:15  Robotics Facility  
  27  2:22  Gateway  
  27  2:27  Pylon  
  27  2:33  Probe  
  27  2:36  Stalker (Chrono Boost)  
  30  3:05  Immortal (Chrono Boost)  
  34  3:09  Pylon  
  34  3:11  Pylon  
  34  3:19  Pylon  
  34  3:21  Pylon  
  34  3:32  Adept  
  36  3:38  Gateway  
  36  3:51  Immortal (Chrono Boost)  
  40  4:16  Adept x2  
  44  4:28  Gateway  
  44  4:29  Gateway, Warp Prism (Chrono Boost)  
  46  4:46  Pylon  
  46  4:47  Pylon  
  45  5:13  Adept  
Tags
 
Matchup
PvT
Replay Pack
me
Add a new tag
Caveats
  • Supply blocks, unpowered buildings, or Contaminate may cause inaccurate times.
  • Supply counts are checked every 10 seconds.